 Dungeon Crawl Stone Soup version 0.19-a0-1875-g4fea3da (webtiles) character file.

890 graki42 the Covert (level 8, -1/52 HPs)
             Began as an Octopode Monk on Oct 13, 2016.
             Slain by an ogre
             ... wielding a +0 giant spiked club
              (32 damage)
             ... on level 6 of the Dungeon.
             The game lasted 00:14:51 (5515 turns).

graki42 the Covert (Octopode Monk)                  Turns: 5515, Time: 00:14:52

Health: -1/52      AC:  1    Str: 11    XL:     8   Next: 6%
Magic:  8/8        EV: 16    Int: 12    God:
Gold:   115        SH:  0    Dex: 18    Spells: 0 memorised, 7 levels left

rFire  . . .     SeeInvis .       - Unarmed
rCold  . . .     Gourm    .     (no shield)
rNeg   . . .     Faith    .     (helmet restricted)
rPois  .         Spirit   .     (no amulet)
rElec  .         Dismiss  .     (no ring)
rCorr  .         Reflect  .     (no ring)
MR     .....     Harm     .     (no ring)
Stlth  +++++.....               (no ring)
                                (no ring)
                                (no ring)
                                (no ring)
                                (no ring)

@: no status effects
A: almost no armour, stealthy swim, amphibious, 8 rings, constrict 8, camouflage
1, agile 1, blink, screaming 1, gelatinous body 1
a: Blink


You were on level 6 of the Dungeon.
You were very hungry.

You visited 2 branches of the dungeon, and saw 7 of its levels.

You collected 152 gold pieces.
You spent 37 gold pieces at shops.

Inventory:

Hand Weapons
 r - a +1 dagger of electrocution
Magical Staves
 o - an uncursed staff of poison
Scrolls
 c - 3 scrolls of teleportation
 f - 2 scrolls of remove curse
 h - a scroll of enchant armour {unknown}
 j - a scroll of blinking {unknown}
 k - a scroll of enchant weapon {unknown}
 p - a scroll of amnesia {unknown}
 q - a scroll of immolation
 t - 2 scrolls of fear {unknown}
Potions
 d - 2 potions of curing
 e - 2 potions of haste
 g - 2 potions of flight {unknown}
 i - a potion of brilliance {unknown}
 s - a potion of heal wounds {unknown}
 w - a potion of invisibility {unknown}
Books
 u - the Handbook of Earthen Beguiling
   (You found it on level 5 of the Dungeon)

   Spells                             Type                      Level
   a - Sandblast                      Earth                        1
   b - Slow                           Hexes                        2
   c - Passwall                       Transmutation/Earth          2
   d - Spectral Weapon                Hexes/Charms                 3
   e - Tukima's Dance                 Hexes                        3
   f - Bolt of Magma                  Conjuration/Fire/Earth       5
Comestibles
 a - 7 bread rations
 b - 6 meat rations
 m - 8 fruits
 v - a royal jelly


   Skills:
 + Level 3.4 Fighting
 + Level 4.2 Dodging
 + Level 8.2 Stealth
 + Level 6.7 Unarmed Combat


You had 7 spell levels left.
You didn't know any spells.

Dungeon Overview and Level Annotations

Branches:
Dungeon (6/15)             Temple (1/1) D:5

Altars:
Cheibriados
Dithmenos
Elyvilon
Fedhas
Gozag
Hepliaklqana
Kikubaaqudgha
Makhleb
Okawaru
Qazlal
Ru
Sif Muna
Uskayaw
Xom
Yredelemnul
Zin
The Shining One

Shops:
D:4 [   D:5 !

Annotations:
D:4 Edmund


Innate Abilities, Weirdness & Mutations

You cannot wear most types of armour.
You are very stealthy in the water. (Stealth+)
You are amphibious.
You can wear up to eight rings at the same time.
You can use your tentacles to constrict eight enemies at once.
Your skin changes colour to match your surroundings (Stealth+).
Your rubbery body absorbs attacks. (AC +1, EV +1)
You are agile. (Dex +2)
You can translocate small distances at will.
You occasionally shout uncontrollably at your foes.


Message History

Found an escape hatch in the ceiling.
You now have 115 gold pieces (gained 16).
The ogre is too close now for your liking.
You see here 11 gold pieces.
You tentacle-slap the ogre. You squeeze the ogre.
The ogre is moderately wounded.
The ogre hits you with a giant spiked club!
You tentacle-slap the ogre. You squeeze the ogre!
The ogre is almost dead.
The ogre misses you.
You tentacle-slap the ogre.
The ogre is almost dead.
You tentacle-slap the ogre but do no damage.
The ogre is almost dead.
The ogre hits you with a giant spiked club.
You barely miss the ogre.
The ogre is almost dead.
The ogre hits you with a giant spiked club!!
Ouch! That really hurt!
You die...

...##.#..#....###.........
##.....)......#...........
..............#.#)<.......
##..................#.....
##..#.#..#....#.##..#.....
##..#.#..#.............. .
.........................
.........#....#.##..#....
##..###.##....#.@O.......
#..............$........>
....###.##....#.##.##...#
... ................ . #..
# #<###...#.##....
........##.# ##... #
####.##.. ... #.##.## ..
#.##.#


You could see an ogre.

Vanquished Creatures
  Menkaure (D:6)
  2 bullfrogs
  A scorpion (D:4)
  2 howler monkeys (D:4)
  2 hounds
  A quasit (D:5)
  A jelly (D:5)
  A bullfrog skeleton (D:5)
  Ijyb (D:2)
  An orc wizard (D:6)
  A worker ant (D:5)
  2 hound skeletons
  3 gnolls (D:4)
  10 adders
  A shadow imp (D:6)
  An adder zombie (D:5)
  3 worms
  6 dart slugs
  7 leopard geckos
  14 orcs
  3 ball pythons
  7 giant cockroaches
  10 goblins
  6 hobgoblins
  9 jackals
  9 kobolds
  A quokka (D:4)
  7 bats
  4 frilled lizards
  4 rats
  A spectral orc (D:4)
122 creatures vanquished.

Notes
Turn   | Place    | Note
-------+----------+-------------------------------------------
     0 | D:1      | graki42 the Octopode Monk began the quest for the Orb.
     0 | D:1      | Reached XP level 1. HP: 16/16 MP: 1/1
    71 | D:1      | Reached XP level 2. HP: 12/21 MP: 2/2
   680 | D:1      | Reached skill level 3 in Stealth
   838 | D:1      | Reached XP level 3. HP: 25/26 MP: 3/3
  1082 | D:2      | Noticed Ijyb
  1092 | D:2      | Killed Ijyb
  1092 | D:2      | Reached XP level 4. HP: 26/31 MP: 4/4
  1279 | D:2      | Reached skill level 4 in Stealth
  2033 | D:3      | Found a blossoming altar of Fedhas.
  2116 | D:3      | Reached XP level 5. HP: 30/36 MP: 5/5
  2135 | D:3      | Found a hide-covered altar of Uskayaw.
  2544 | D:3      | Reached skill level 5 in Stealth
  2565 | D:3      | Found a deep blue altar of Sif Muna.
  2901 | D:4      | Found a snail-covered altar of Cheibriados.
  2964 | D:4      | Noticed Edmund
  2980 | D:5      | Entered Level 5 of the Dungeon
  2980 | D:5      | Found a staircase to the Ecumenical Temple.
  2980 | D:5      | Found a glowing silver altar of Zin.
  2986 | D:5      | Identified the Handbook of Earthen Beguiling
  2996 | Temple   | Entered the Ecumenical Temple
  3365 | D:5      | Reached XP level 6. HP: 39/42 MP: 6/6
  3409 | D:5      | Reached skill level 5 in Unarmed Combat
  3459 | D:5      | Found Feaciy's Distillery.
  3465 | D:5      | Bought a potion of mutation for 37 gold pieces
  3465 | D:5      | Gained mutation: You can translocate small distances at will. [potion of mutation]
  3465 | D:5      | Gained mutation: You are agile. (Dex +2) [potion of mutation]
  3465 | D:5      | Gained mutation: You occasionally shout uncontrollably at your foes. [potion of mutation]
  3589 | D:5      | Noticed a water elemental
  3590 | D:5      | Found a stormy altar of Qazlal.
  3597 | D:5      | Noticed an air elemental
  3600 | D:5      | Noticed a fire elemental
  3637 | D:5      | Reached skill level 6 in Stealth
  3749 | D:4      | Found Yschaclao's Armour Emporium.
  3917 | D:4      | Found a basalt altar of Yredelemnul.
  4131 | D:4      | Found a white marble altar of Elyvilon.
  4158 | D:4      | Reached XP level 7. HP: 42/46 MP: 7/7
  4196 | D:4      | Reached skill level 7 in Stealth
  4553 | D:5      | Found an iron altar of Okawaru.
  5222 | D:6      | Reached skill level 8 in Stealth
  5238 | D:6      | Noticed Menkaure
  5245 | D:6      | Killed Menkaure
  5245 | D:6      | Reached XP level 8. HP: 9/52 MP: 8/8
  5515 | D:6      | Slain by an ogre

Vault maps used:
D:1:      dpeg_arrival_erosion
D:2:      minmay_wonky_spiral, uniq_iyjb
D:3:      corexii_shack_village, fedhas_altar_2, led_sif_pool, lemuel_tele_altar
D:4:      kennysheep_little_box, kennysheep_slug_shrine,
          yredelemnul_forgotten_temple_becter, serial_shops, shop,
          lightli_corner_chamber, uniq_edmund
D:5:      overflow_temple_1_default, nicolae_qazlal_style_of_elements,
          serial_shops, nicolae_shop_crystal, first_bread,
          okawaru_metal_pillars_1_2
D:6:      nemelex_altar_shiori, uniq_menkaure
Temple:   chequers_temple_sunken

Skill      XL: |  1  2  3  4  5  6  7 |
---------------+----------------------+-----
Stealth        | 3 4 5 6 8 |  8.2
Unarmed Combat | 4 5 6 |  6.7
Dodging        | 4 |  4.2
Fighting       | |  3.4

Action                   |  1- 3 |  4- 6 |  7- 9 || total
-------------------------+-------+-------+-------++-------
Melee: Unarmed           |    70 |   151 |    75 ||   296
       Constrict         |    15 |    38 |    18 ||    71
       Tentacles         |     4 |    29 |    19 ||    52
       Punch             |     1 |     7 |     5 ||    13
  Use: Scroll            |       |     6 |       ||     6
       Potion            |       |     1 |     2 ||     3
 Stab: Sleeping          |     8 |    26 |     5 ||    39
       Distracted        |       |     1 |       ||     1
  Eat: Chunk             |       |    10 |     3 ||    13
Armor: Skin              |     4 |     4 |     5 ||    13
Dodge: Dodged            |    42 |    78 |    50 ||   170
